 Dungeon Crawl Stone Soup version 0.31-a0-1206-g41278d8d1d (webtiles) character file.

Game seed: 13769351095841037218

40 Daunt the Stinger (level 3, -1/26 HPs)
             Began as a Draconian Venom Mage on Dec 14, 2023.
             Slain by a gnoll
             ... wielding a +0 whip
              (6 damage)
             ... on level 1 of the Dungeon.
             The game lasted 00:05:45 (1236 turns).

Daunt the Stinger (Draconian Venom Mage)            Turns: 1236, Time: 00:05:46

Health: -1/26      AC:  6    Str: 10    XL:     3   Next: 30%
Magic:  5/7        EV: 12    Int: 17    God:
Gold:   43         SH:  0    Dex: 11    Spells: 4/7 levels left

rFire   . . .        c - +0 dagger
rCold   . . .        g - orb {light}
rNeg    . . .        (body armour unavailable)
rPois   .            (helmet restricted)
rElec   .            i - +0 cloak
rCorr   .            (no gloves)
SInv    .            (no boots)
Will    .....        (no amulet)
Stlth   +            (no ring)
HPRegen 0.24/turn    (no ring)
MPRegen 0.10/turn

%: no passive effects
@: glowing
A: AC +5, unfitting armour, cold-blooded
a: no special abilities


You were on level 1 of the Dungeon.
You visited 1 branch of the dungeon, and saw 2 of its levels.

You collected 43 gold pieces.

Inventory:

Hand Weapons
 c - a +0 dagger (weapon)
Missiles
 f - 6 poisoned darts
Armour
 g - an orb of light (worn)
 i - a +0 cloak (worn)
Talismans
 d - a serpent talisman
Scrolls
 b - a scroll of fear {unknown}
 e - a scroll of poison {unknown}
 h - a scroll of enchant armour {unknown}
 k - a scroll of revelation {unknown}
Potions
 j - a potion of might {unknown}
 l - a potion of resistance {unknown}


   Skills:
 - Level 1.7 Dodging
 - Level 1.7 Stealth
 + Level 2.8 Spellcasting
 - Level 1.0 Transmutations
 + Level 3.7 Poison Magic


You had 4 spell levels left.
You knew the following spells:

 Your Spells              Type           Power      Damage    Failure   Level
a - Sting                 Tmut/Pois      40%        1d5       7%          1
v - Poisonous Vapours     Pois/Air       16%        N/A       12%         2

Your spell library contained the following spells:

 Spells                   Type           Power      Damage    Failure   Level
 Mephitic Cloud           Conj/Pois/Air  6%         N/A       32%         3
 Olgreb's Toxic Radiance  Pois           15%        N/A       36%         4


Dungeon Overview and Level Annotations

Branches:
Dungeon (2/15) Zot: 10761

Altars:


Innate Abilities, Weirdness & Mutations

Your plain brown scales are hard. (AC +5)
You cannot fit into any form of body armour.
You are cold-blooded and may be slowed by cold attacks.


Message History

You kill the adder!
The gnoll hits you with a +0 whip.
Unknown command.
Unknown command.
Unknown command.
You hit the gnoll but do no damage.
You feel sick. The gnoll closely misses you.
You completely miss the gnoll.
You tail-slap the gnoll, but do no damage.
You feel sick. The gnoll hits you with a +0 whip!
* * * LOW HITPOINT WARNING * * *
Unknown command.
Unknown command.
Magic courses through your body.
You feel sick.
You are no longer poisoned.
The gnoll misses you.
Unknown command.
Unknown command.
Unknown command.
You are too injured to fight recklessly!
Casting: Sting (safe; 7% risk of failure)
Confirm with . or Enter, or press ? or * to list all spells.
Aiming: Sting (safe; 7% risk of failure)
Press: ? - help, Shift-Dir - straight line, f - gnoll
Aim: a gnoll, wielding a +0 whip (haloed, 83% to hit)
The sting hits the gnoll.
The gnoll is poisoned.
The gnoll is heavily wounded.
The gnoll hits you with a +0 whip.
* * * LOW HITPOINT WARNING * * *
Unknown command.
Unknown command.
Casting: Sting (safe; 7% risk of failure)
Confirm with . or Enter, or press ? or * to list all spells.
Aiming: Sting (safe; 7% risk of failure)
Press: ? - help, Shift-Dir - straight line, f/p - gnoll
Aim: a gnoll, wielding a +0 whip (heavily wounded, poisoned, haloed, 83% to hit)
The sting hits the gnoll.
The gnoll looks even sicker.
The gnoll is severely wounded.
The gnoll hits you with a +0 whip.
You die...

#..............#### #.###
#.#####.#####.....## #.... #.#
##.#.## #......## #.###
#.###.###.# #.......#######.#
#.##...#^## #...............###
#.#.###.#####.......#########..
#)..# #.........÷..##...####...
###.###.######.†..##..#...÷)...
##...## #@......###.###...
##.## ##g#.##..#..######
#.###### #.###......##~~~~~
#....†.# ##.#.####.##~~....
######.# ##.## #.##~..~~~ #.#
##.# #.##..~~~~ #.# #..#
#..#.~~... #.####..# #..'.~..~<
#.##....#####..'.~.~~.


You could see a gnoll (very poisoned).

Vanquished Creatures
  An adder (D:1)
  A dart slug (D:1)
  2 endoplasms (D:1)
  A giant cockroach (D:1)
  A goblin (D:1)
  A hobgoblin (D:1)
  4 jackals (D:1)
  2 quokkas (D:1)
  3 ball pythons (D:1)
  4 bats (D:1)
  2 frilled lizards
  3 kobolds (D:1)
  4 rats (D:1)
29 creatures vanquished.

Notes
Turn   | Place    | Note
-------+----------+-------------------------------------------
     0 | D:1      | Daunt the Draconian Venom Mage began the quest for the Orb.
     0 | D:1      | Reached XP level 1. HP: 14/14 MP: 3/3
   287 | D:1      | Reached XP level 2. HP: 20/20 MP: 3/5
   290 | D:1      | Learned a level 2 spell: Poisonous Vapours
   911 | D:1      | Reached XP level 3. HP: 26/26 MP: 4/7
  1236 | D:1      | Slain by a gnoll

Illustrated notes

Levels and vault maps discovered:
D:1:      psy_arrival_whirlpool, layout_loops_ring,
          nicolae_twisty_statue_hallways
D:2:      minmay_recursive_quarters, layout_rooms, serial_shops,
          nicolae_shop_tiny_waterfront

Action                     || total
---------------------------++-------
  Melee: Dagger            ||    32
         Tailslap          ||     9
   Cast: Sting             ||    58
    Use: Potion            ||     1
 Armour: Skin              ||    34
  Dodge: Dodged            ||    43

Table legend: (Time is in decaauts)
 A = Elapsed time spent in this place.
 B = Non-inter-level travel time spent in this place.
 C = Inter-level travel time spent in this place.
 D = Time resting spent in this place.
 E = Time spent auto-exploring this place.
 F = Levels seen in this place.
 G = Mean time per level.
                   A        B        C        D        E       F      G
               +--------+--------+--------+--------+--------+-----+--------+
         Total |   1237 |   1203 |     34 |    469 |    521 |   2 |  618.5 |
       Dungeon |   1237 |   1203 |     34 |    469 |    521 |   2 |  618.5 |
               +--------+--------+--------+--------+--------+-----+--------+

Top non-repeatable levels by time:
     D:1: 1231 daAuts
     D:2: 5 daAuts
